 Dungeon Crawl Stone Soup version bcrawl-1.19.2-6-g6a88ae04c9 (webtiles) character file.

Game seed: 10176688457263037612

93 MisterOstroum the Cudgeler (level 4, -19/40 HPs)
             Began as a Sand Dwarf Sloth Apostle on Jan 7, 2020.
             Was a Follower of Uskayaw.
             Demolished by an ogre
             ... wielding a +0 giant spiked club
              (21 damage)
             ... on level 3 of the Dungeon.
             The game lasted 00:08:14 (2868 turns).

MisterOstroum the Cudgeler (SDSA)                   Turns: 2868, Time: 00:08:15

Health: -19/40     AC: 11    Str: 17    XL:     4   Next: 61%
Magic:  5/5        EV:  4    Int: 13    God:    Uskayaw [*.....]
Gold:   265        SH:  8    Dex: 10    Spells: 4/5 levels left

rFire    . . .     SeeInvis .   a - +0 whip
rCold    . . .     Gourm    .   c - +0 shield
rNeg     . . .     Faith    .   t - +0 plate armour
rPois    .         Spirit   .   (no helmet)
rElec    .         Reflect  .   g - +0 cloak
rCorr    .         Harm     .   (no gloves)
MR       +....                  (no boots)
Stlth    ..........             (no amulet)
HPRegen  0.13/turn              w - ring of protection from magic
MPRegen  0.09/turn              (no ring)

@: very slow
A: small, slowness 1, armour attunement
a: Stomp, Renounce Religion


You were on level 3 of the Dungeon.
You worshipped Uskayaw.
Uskayaw was noncommittal.
You were not hungry.

You visited 1 branch of the dungeon, and saw 3 of its levels.

You collected 265 gold pieces.

Inventory:

Hand Weapons
 a - a +0 whip (weapon)
 b - a +0 mace
 q - a +0 falchion of venom
 y - a +0 hunting sling
Missiles
 j - 285 stones (quivered)
 v - 60 poisoned needles
Armour
 c - a +0 shield (worn)
 g - a +0 cloak (worn)
 n - a scarf of stasis
 t - a +0 plate armour (worn)
Jewellery
 w - a ring of protection from magic (left hand)
Wands
 d - a wand of paralysis (5)
Scrolls
 f - a scroll of enchant weapon {unknown}
 i - 5 scrolls of identify {@r1}
 r - a scroll of magic mapping {unknown}
 s - a scroll of fog {unknown}
Potions
 h - a potion of invisibility {unknown}
 k - a potion of ambrosia {unknown}
 l - 2 potions of might {unknown}
 m - a potion of brilliance {unknown}
 o - a potion of curing {unknown}
 p - 3 potions of agility {unknown}
 u - 4 potions of flight
 x - 3 potions of heal wounds {unknown}
 z - 2 potions of haste {unknown}
Comestibles
 e - 2 rations {!d}


   Skills:
 * Level 3.8 Fighting
 * Level 4.6 Maces & Flails
 - Level 0.7 Armour
 - Level 0.3 Dodging
 - Level 2.4 Stealth
 - Level 2.0 Shields
 - Level 1.0 Spellcasting
 - Level 0.7 Hexes
 - Level 0.5 Invocations
 + Level 2.5 Evocations


You had 4 spell levels left.
You knew the following spells:

 Your Spells              Type           Power        Failure   Level  Hunger
a - Slow                  Hex            #.......     77%         1    ##.....
Your spell library was empty.

Dungeon Overview and Level Annotations

Branches:
Dungeon (3/12)

Altars:
Cheibriados
Kikubaaqudgha
Uskayaw


Innate Abilities, Weirdness & Mutations

You are small and have problems with some larger weapons.
You cover ground slowly.
Armour does not affect your spellcasting.


Message History

You see here a hunting sling.
y - a hunting sling
Things that are here:
a +0 dagger; a +0 hunting sling; a goblin corpse You butcher the goblin corpse.
A - a chunk of flesh
Things that are here:
a +0 dagger; a +0 hunting sling; a goblin skeleton Eating a chunk of flesh.
You eat the chunk of flesh.
This raw flesh tastes terrible.
Things that are here:
a +0 dagger; a +0 hunting sling; a goblin skeleton You see here a long sword.
Time shudders.
A ball of electricity appears!
A ball lightning comes into view.
A ball lightning is nearby!
The ball lightning moves out of view.
You see here a long sword.
Press: ? - help, . - travel You can't see that place. [the floor.]
What are your orders? t - Shout!
Orders for allies: a - Attack new target. r - Retreat! s - Stop attacking. g - Guard the area. f - Follow me.
Anything else - Cancel.
You shout for attention!
Unknown command.
Unknown command.
Unknown command.
Unknown command.
The ball lightning explodes!
The blast of lightning engulfs you!
Unknown command.
There is a stone staircase leading up here.
Time shudders.
Heat is drained from your body!
The divine experience drains your vigour!
You feel yourself slow down.
You start resting.
You can drink potions again.
You start resting.
You feel yourself speed up.
Unknown command.
HP restored.
You see here a long sword.
You see here a dagger.
A kobold comes into view. It is wielding a +0 short sword.
A kobold is nearby!
Found a stone staircase leading down.
The kobold hits you with a +0 short sword. x2
You closely miss the kobold. The kobold hits you but does no damage.
You barely miss the kobold. The kobold barely misses you.
You hit the kobold.
The kobold is severely wounded.
The kobold hits you but does no damage.
You hit the kobold.
You kill the kobold!
No target in view!
No target in view!
You see here a +0 short sword.
An ogre comes into view. It is wielding a +0 giant spiked club.
The ogre moves out of view.
The ogre is too close now for your liking.
An ogre is nearby!
An ogre opens the door.
Evoke which item? (* to show all) (? for menu, Esc to quit)
Aiming: Paralyse
Press: ? - help, Shift-Dir - straight line, f - ogre
Aim: an ogre, wielding a +0 giant spiked club (chance to defeat MR: 52%)
Okay, then.
Evoke which item? (* to show all) (? for menu, Esc to quit)
Aiming: Paralyse
Press: ? - help, Shift-Dir - straight line, f - ogre
Aim: an ogre, wielding a +0 giant spiked club (chance to defeat MR: 52%)
The ogre resists with significant effort.
The ogre hits you with a +0 giant spiked club!!
Ouch! That really hurt!
Evoke which item? (* to show all) (? for menu, Esc to quit)
Aiming: Paralyse
Press: ? - help, Shift-Dir - straight line, f/p - ogre
Aim: an ogre, wielding a +0 giant spiked club (chance to defeat MR: 52%)
The ogre resists with significant effort.
Evoke which item? (* to show all) (? for menu, Esc to quit)
Aiming: Paralyse
Press: ? - help, Shift-Dir - straight line, f/p - ogre
Aim: an ogre, wielding a +0 giant spiked club (chance to defeat MR: 52%)
The ogre resists with significant effort.
The ogre hits you with a +0 giant spiked club!
* * * LOW HITPOINT WARNING * * *
Unknown command.
Unknown command.
Evoke which item? (* to show all) (? for menu, Esc to quit)
Aiming: Paralyse
Press: ? - help, Shift-Dir - straight line, f/p - ogre
Aim: an ogre, wielding a +0 giant spiked club (chance to defeat MR: 52%)
The ogre resists with significant effort.
The ogre hits you with a +0 giant spiked club!!
Ouch! That really hurt!
You die...

....###.....# ...
..###...##
########..###...###..#
#...........###......#
#...>.........###.....
#.............. ###.##
#.......'.....###...#
#.....O.#...###.....#
#....@###.###.......#
#####)# .........#.#
#.# ########...##
#.###########....#
#................#
###############.....#
#......)............#
#.##############..).#
#.# #..<..# #....#


You could see an ogre.

Vanquished Creatures
  3 adders
  3 dart slugs
  5 leopard geckos
  An orc (D:3)
  4 bats
  4 giant cockroaches
  3 goblins
  5 hobgoblins
  2 jackals (D:2)
  7 kobolds
  3 quokkas (D:2)
  4 frilled lizards (D:1)
  A quokka skeleton (D:3)
  3 rats (D:1)
48 creatures vanquished.

Vanquished Creatures (others)
  A ball lightning (D:3)
1 creature vanquished.

Grand Total: 49 creatures vanquished

Notes
Turn   | Place    | Note
-------+----------+-------------------------------------------
     0 | D:1      | MisterOstroum the Sand Dwarf Sloth Apostle began the quest
                  | for the Orb.
     0 | D:1      | Reached XP level 1. HP: 18/18 MP: 2/2
   229 | D:1      | Reached XP level 2. HP: 9/25 MP: 3/3
   723 | D:1      | Reached XP level 3. HP: 23/31 MP: 4/4
  1181 | D:2      | Noticed a phantom
  1612 | D:2      | Reached skill level 4 in Maces & Flails
  1709 | D:2      | Reached XP level 4. HP: 38/38 MP: 5/5
  1742 | D:2      | Found a hide-covered altar of Uskayaw.
  1744 | D:2      | Found an ancient bone altar of Kikubaaqudgha.
  1753 | D:2      | Fell from the grace of Cheibriados
  1753 | D:2      | Became a worshipper of Uskayaw the Reveler
  2120 | D:3      | Reached * piety under Uskayaw
  2273 | D:3      | Found a snail-covered altar of Cheibriados.
  2860 | D:3      | Noticed an ogre
  2867 | D:3      | HP: 2/40 [ogre/+0 giant spiked club (15)]
  2868 | D:3      | Demolished by an ogre

Skill      XL: |  1  2  3 |
---------------+----------+-----
Fighting       | 3 |  3.8
Evocations     | 2 |  2.5
Maces & Flails | 4 |  4.6
Armour         | |  0.7
Dodging        | |  0.3
Stealth        | |  2.4
Shields        | |  2.0
Spellcasting   | |  1.0
Hexes          | |  0.7
Invocations    | |  0.5

Action                   |  1- 3 |  4- 6 || total
-------------------------+-------+-------++-------
Melee: Mace              |    20 |       ||    20
       Whip              |   126 |   101 ||   227
Evoke: Wand              |     1 |     4 ||     5
  Use: Scroll            |       |     1 ||     1
 Stab: Sleeping          |     2 |       ||     2
       Paralysed         |     5 |       ||     5
  Eat: Chunk             |     4 |     5 ||     9
Armor: Robe              |    16 |       ||    16
       Scale mail        |    36 |     2 ||    38
       Plate armour      |       |    47 ||    47
Dodge: Dodged            |    52 |    16 ||    68
Block: Shield            |    56 |    30 ||    86
